 Dungeon Crawl Stone Soup version 0.24.0-13-gcf9b319 (webtiles) character file.

Game seed: 17591490340895640502, levelgen mode: deterministic

2248 Balder the Slasher (level 9, -6/67 HPs)
             Began as a Human Fighter on Feb 20, 2020.
             Was a Follower of Okawaru.
             Impaled on a porcupine's spines (11 damage)
             ... on level 8 of the Dungeon.
             The game lasted 00:34:56 (8665 turns).

Balder the Slasher (Human Fighter)                  Turns: 8665, Time: 00:34:56

Health: -6/67      AC: 12    Str: 18    XL:     9   Next: 63%
Magic:  19/19      EV:  7    Int:  9    God:    Okawaru [*.....]
Gold:   325        SH: 10    Dex: 14    Spells: 8/8 levels left

rFire    . . .     SeeInvis .   a - +1 long sword
rCold    . . .     Gourm    .   c - +0 shield
rNeg     + . .     Faith    +   C - +0 chain mail
rPois    .         Spirit   .   (no helmet)
rElec    .         Reflect  .   i - +0 cloak
rCorr    .         Harm     .   w - +0 pair of gloves
MR       .....                  (no boots)
Stlth    ..........             h - amulet of faith
HPRegen  0.21/turn              y - ring of magical power
MPRegen  0.16/turn              z - ring of positive energy

@: no status effects
A: no striking features
a: Heroism, Renounce Religion


You were on level 8 of the Dungeon.
You worshipped Okawaru.
Okawaru was aware of your devotion.
You were not hungry.

You visited 1 branch of the dungeon, and saw 8 of its levels.

You collected 325 gold pieces.

Inventory:

Hand Weapons
 a - a +1 long sword (weapon)
 k - a +0 morningstar
 q - a +1 war axe of chopping
 B - a +2 hand axe of electrocution
 F - a +0 spear of chaos
 G - a +2 war axe of flaming
Missiles
 l - 6 throwing nets
 x - 9 poisoned darts (quivered)
 D - 45 bolts
 N - 6 boomerangs
Armour
 c - a +0 shield (worn)
 i - a +0 cloak (worn)
 w - a +0 pair of gloves (worn)
 C - a +0 chain mail (worn)
Jewellery
 h - an amulet of faith (around neck)
 y - a ring of magical power (left hand)
 z - a ring of positive energy (right hand)
Wands
 r - a wand of digging (4)
 s - a wand of scattershot (4)
Scrolls
 e - a scroll of fog {unknown}
 j - 2 scrolls of amnesia {unknown}
 n - 3 scrolls of remove curse
 p - 3 scrolls of enchant weapon
 t - a scroll of teleportation
 A - 2 scrolls of blinking
 I - a scroll of identify
 J - 3 scrolls of enchant armour {unknown}
 K - a scroll of holy word {unknown}
Potions
 b - a potion of ambrosia {unknown}
 d - a potion of lignification {unknown}
 g - 3 potions of curing
 m - 2 potions of degeneration {unknown}
 o - a potion of haste {unknown}
 u - a potion of agility {unknown}
 v - 2 potions of flight {unknown}
 E - 2 potions of cancellation {unknown}
 H - a potion of heal wounds {unknown}
 M - a potion of resistance {unknown}
Comestibles
 f - 9 rations
 L - a chunk of flesh


   Skills:
 * Level 4.8 Fighting
 * Level 6.4 Long Blades
 * Level 2.3 Axes
 * Level 3.0 Throwing
 * Level 5.3 Armour
 * Level 3.3 Dodging
 * Level 4.0 Stealth
 * Level 5.8 Shields
 * Level 1.6 Invocations


You had 8 spell levels left.
You didn't know any spells.
Your spell library contained the following spells:

 Spells                   Type           Power        Failure   Level  Hunger
 Animate Skeleton         Necr           N/A          100%        1    ##.....
 Apportation              Tloc           #.....       100%        1    ##.....
 Confusing Touch          Hex            #.....       100%        1    ##.....
 Summon Small Mammal      Summ           #...         100%        1    ##.....


Dungeon Overview and Level Annotations

Branches:
Dungeon (8/15)             Temple (0/1) D:6
   Lair: D:8-11

Altars:
Ashenzari
Cheibriados
Fedhas
Kikubaaqudgha
Nemelex Xobeh
Okawaru
Qazlal
Trog
Uskayaw
Vehumet
Xom
Yredelemnul
The Shining One

Shops:
D:6 (


Message History

You are struck by the porcupine's spines.
* * * LOW HITPOINT WARNING * * *
You slash the porcupine!
You kill the porcupine!
Okawaru accepts your kill.
Your Stealth skill increases to level 4!
The porcupine barely misses you.
You riposte.
You barely miss the porcupine.
You feel better. The porcupine barely misses you.
You riposte.
You slash the porcupine!
The porcupine is heavily wounded.
You hit the porcupine but do no damage.
The porcupine is heavily wounded.
You block the porcupine's attack.
You are struck by the porcupine's spines.
* * * LOW HITPOINT WARNING * * *
You miss the porcupine.
The porcupine is heavily wounded.
The porcupine bites you but does no damage. x2
You are struck by the porcupine's spines.
You die...

....# #...# .. #...##
.. #.... .# #.... ..#
#### P #...# .)##.....
♣..P#...####≈......PP
PP.....$r@..≈#§§..PPP.#
......####..#_....._P.#
..... ##.#[##≈..PPPP##
.... #....≈#...PPP...
P♣. #............. ##
P. #............ ... .
#####'###'#####...
#.................
#.................


You could see a porcupine.

Vanquished Creatures
  Grinder (D:3)
  A basilisk (D:8)
  Menkaure (D:5)
  A porcupine (D:8)
  2 ice beasts
  A phantom (D:8)
  A necrophage (D:5)
  A sky beast (D:5)
  2 centaurs (D:6)
  2 bullfrogs
  A scorpion (D:5)
  A crimson imp (D:5)
  2 hounds
  A quasit (D:5)
  2 orc priests
  2 jellies (D:6)
  10 orc wizards
  A bullfrog skeleton (D:4)
  3 worker ants
  A howler monkey zombie (D:6)
  6 gnolls
  14 adders
  An ooze (D:5)
  An adder zombie (D:6)
  An adder skeleton (D:7)
  2 worms
  2 dart slugs
  4 leopard geckos
  16 orcs
  A giant cockroach (D:4)
  5 goblins
  6 hobgoblins (D:3)
  3 jackals (D:1)
  2 quokkas (D:3)
  2 ball pythons
  6 bats
  5 frilled lizards
  3 kobolds (D:1)
  A leopard gecko skeleton (D:4)
  7 rats
125 creatures vanquished.

Notes
Turn   | Place    | Note
-------+----------+-------------------------------------------
     0 | D:1      | Balder the Human Fighter began the quest for the Orb.
     0 | D:1      | Reached XP level 1. HP: 18/18 MP: 1/1
   592 | D:1      | Reached XP level 2. HP: 22/24 MP: 2/2
  1179 | D:2      | Reached XP level 3. HP: 22/29 MP: 3/3
  1265 | D:2      | Reached skill level 1 in Stealth
  1520 | D:2      | Found a shattered altar of Ashenzari.
  1754 | D:2      | Reached XP level 4. HP: 32/35 MP: 4/4
  2378 | D:3      | Reached XP level 5. HP: 7/41 MP: 5/5
  2679 | D:3      | Reached skill level 3 in Long Blades
  2679 | D:3      | Reached skill level 1 in Dodging
  2776 | D:3      | Noticed Grinder
  2833 | D:3      | Killed Grinder
  2833 | D:3      | Reached XP level 6. HP: 47/47 MP: 6/6
  3566 | D:4      | Reached skill level 1 in Throwing
  3566 | D:4      | Reached XP level 7. HP: 52/53 MP: 7/7
  3599 | D:5      | Entered Level 5 of the Dungeon
  3781 | D:5      | Reached skill level 4 in Long Blades
  4225 | D:4      | Found a hide-covered altar of Uskayaw.
  4499 | D:4      | Reached XP level 8. HP: 60/60 MP: 8/8
  4672 | D:5      | Noticed Menkaure
  4682 | D:5      | Killed Menkaure
  5030 | D:5      | Reached skill level 1 in Axes
  5259 | D:5      | Reached skill level 5 in Long Blades
  5751 | D:5      | Found a shimmering altar of Xom.
  6038 | D:5      | Reached skill level 5 in Shields
  6144 | D:5      | Found an ancient bone altar of Kikubaaqudgha.
  6150 | D:5      | Found a bloodstained altar of Trog.
  6184 | D:5      | Found an iron altar of Okawaru.
  6198 | D:5      | Became a worshipper of Warmaster Okawaru
  6720 | D:6      | Reached XP level 9. HP: 20/66 MP: 9/9
  7178 | D:6      | Found Upiesiy's Weapon Shoppe.
  7223 | D:6      | Reached skill level 5 in Armour
  7243 | D:6      | Found a staircase to the Ecumenical Temple.
  7594 | D:6      | Found a glowing golden altar of the Shining One.
  7596 | D:6      | Found a sparkling altar of Nemelex Xobeh.
  7596 | D:6      | Found a radiant altar of Vehumet.
  7596 | D:6      | Found a snail-covered altar of Cheibriados.
  7728 | D:6      | Reached skill level 1 in Invocations
  7736 | D:6      | Reached skill level 6 in Long Blades
  8417 | D:7      | Found a basalt altar of Yredelemnul.
  8444 | D:7      | Reached * piety under Okawaru
  8612 | D:8      | Found a blossoming altar of Fedhas.
  8624 | D:8      | Found a stormy altar of Qazlal.
  8665 | D:8      | Impaled on a porcupine's spines

Levels and vault maps discovered:
D:1:      zelgadis_glass_arrival_large, layout_loops_ring
D:2:      layout_loops_cross, nicolae_ashenzari_panopticon
D:3:      layout_basic, first_ration, uniq_grinder
D:4:      layout_cave_pools, nicolae_overflow_crystal_walls,
          minmay_a_box_with_orc_wizards_in_it
D:5:      layout_basic, tgw_xom, minmay_overflow_temple_star_quad, minivault_25,
          uniq_menkaure
D:6:      layout_layer_cave, chequers_temple_overflow_statue_of_worship,
          minmay_temple_entry_butterflies, serial_shops,
          nicolae_shop_behind_doors
D:7:      kennysheep_windowed_halls, layout_gridville,
          yredelemnul_altar_generic, kennysheep_mini_moat, basic_altar
D:8:      layout_gridville, grunt_temple_overflow_forces_of_nature,
          minmay_lair_entry_grove, basic_altar, blue_anna_alchemist
          [blue_anna_fruit_fields, blue_anna_fruit_fields]

Skill      XL: |  1  2  3  4  5  6  7  8  9 |
---------------+----------------------------+-----
Stealth        | 1 2 3 4 |  4.0
Long Blades    | 3 4 5 6 |  6.4
Dodging        | 1 2 3 |  3.3
Shields        | 4 5 |  5.8
Throwing       | 1 2 3 |  3.0
Armour         | 4 5 |  5.3
Fighting       | 4 |  4.8
Axes           | 1 2 |  2.3
Invocations    | 1 |  1.6

Action                   |  1- 3 |  4- 6 |  7- 9 || total
-------------------------+-------+-------+-------++-------
Melee: Long sword        |    64 |   136 |   431 ||   631
       Unarmed           |       |     5 |       ||     5
Throw: Throwing net      |       |     1 |     1 ||     2
       Dart              |       |       |    25 ||    25
Invok: Heroism           |       |       |     1 ||     1
  Use: Scroll            |       |     3 |     6 ||     9
       Potion            |       |       |     6 ||     6
 Stab: Confused          |       |     1 |       ||     1
  Eat: Chunk             |     3 |     2 |     7 ||    12
       Ration            |       |     1 |     3 ||     4
Armor: Scale mail        |    23 |    48 |    32 ||   103
       Skin              |       |     2 |       ||     2
       Chain mail        |       |       |   216 ||   216
Dodge: Dodged            |    25 |    55 |   123 ||   203
Block: Shield            |    35 |    74 |   231 ||   340
       Rpst.: Long sword |     7 |    11 |    37 ||    55
